Map: Jagannatha EC

Players

Ziggy - Winner!

  • Race: Terran Terran
  • Spawn Location: 7:00

ShaDoWn

  • Race: Protoss Protoss
  • League: Master
  • Spawn Location: 1:00

Event: DreamHack SC2 Masters 2020 Winter

VOD

Have the link to the VOD?

Description

Time

  • Played on: Nov. 1, 2020, 10:16 a.m.
  • Length: 8:13

All games in this series

Show
View Real Time Build Order
Export as new Build Order

Ziggy Terran - Winner!

Build Orders: Reaper Expand 

Get SALT Encoding   

  12  0:00  SCV  
  13  0:12  SCV  
  14  0:17  Supply Depot  
  14  0:24  SCV  
  15  0:38  SCV  
  15  0:40  Barracks  
  16  0:43  Refinery  
  16  0:50  SCV  
  17  1:02  SCV  
  18  1:15  SCV  
  19  1:27  Orbital Command, Reaper  
  20  1:48  Command Center  
  20  1:52  SCV  
  21  2:00  Supply Depot, Barracks Reactor  
  21  2:04  SCV  
  22  2:10  Barracks  
  22  2:16  SCV  
  22  2:22  Barracks  
  23  2:28  SCV  
  24  2:37  Marine x2  
  24  2:40  SCV  
  26  2:53  SCV  
  26  2:54  Engineering Bay  
  26  2:55  Marine x2  
  26  2:57  Supply Depot  
  28  2:59  Barracks Tech Lab  
  28  3:05  SCV  
  29  3:12  Marine  
  29  3:17  SCV  
  29  3:19  Orbital Command  
  31  3:24  Marine x2, Stimpack  
  33  3:29  SCV  
  33  3:31  Terran Infantry Weapons Level 1  
  34  3:43  SCV  
  34  3:44  Marine x2  
  34  3:46  Barracks Tech Lab, Marauder  
  34  3:47  SCV  
  35  3:55  SCV  
  35  3:59  SCV  
  35  4:02  Marine x2  
  38  4:05  Marauder  
  38  4:08  SCV  
  42  4:10  Combat Shield  
  42  4:11  Marine  
  42  4:15  SCV  
  44  4:20  SCV, Marine  
  44  4:21  Marine  
  44  4:22  Supply Depot  
  47  4:26  Marauder  
  47  4:27  SCV  
  50  4:32  SCV  
  50  4:37  Marauder  
  50  4:38  Marine  
  54  4:42  Refinery  
  54  4:43  Marine, SCV  
  54  4:44  SCV, Supply Depot  
  57  4:49  Marauder  
  59  4:55  Marine  
  59  4:56  SCV x2  
  62  5:00  Refinery  
  62  5:04  Concussive Shells  
  62  5:05  Marine x2  
  64  5:09  SCV  
  64  5:10  Marine  
  64  5:12  Refinery  
  64  5:13  Supply Depot, Marine  
  67  5:22  Factory, SCV  
  67  5:23  Marine x2  
  70  5:28  Marine  
  70  5:31  SCV  
  63  5:42  Marauder, SCV  
  62  5:43  SCV  
  62  5:48  Marine, Missile Turret  
  58  5:54  SCV  
  58  5:55  SCV  
  58  5:56  Marine x2  
  56  6:06  SCV  
  56  6:11  Missile Turret  
  55  6:13  SCV  
  55  6:18  Marine, Marauder  
  52  6:19  SCV  
  52  6:25  SCV  
  52  6:31  SCV  
  51  6:34  Missile Turret  
  51  6:37  SCV  
  51  6:38  Marine x2  
  54  6:44  SCV  
  55  6:49  SCV  
  55  6:52  Starport  
  55  6:54  Factory Reactor  
  56  6:56  SCV  
  57  7:01  Marine x2  
  57  7:04  Marauder  
  61  7:08  SCV  
  61  7:12  Marine  
  61  7:15  SCV  
  64  7:22  SCV  
  62  7:23  Marine  
  62  7:25  Marine  
  62  7:26  Marauder  
  62  7:29  SCV  
  67  7:30  Marine  
  67  7:36  SCV  
  69  7:40  Marine  
  69  7:41  Medivac  
  69  7:42  Medivac  
  69  7:43  Marine  
  74  7:53  Marine  
  77  7:59  SCV  
  77  8:01  Factory Reactor  
  77  8:05  Supply Depot  
Show
View Real Time Build Order
Export as new Build Order

ShaDoWn Protoss 

Build Orders: 1 Gate Expand, Zealot Archon, Dark Templar Rush 

Get SALT Encoding   

  12  0:00  Probe  
  13  0:12  Probe  
  14  0:17  Pylon  
  14  0:24  Probe  
  15  0:35  Gateway  
  15  0:37  Probe (Chrono Boost)  
  16  0:46  Probe (Chrono Boost)  
  16  0:49  Assimilator  
  17  0:51  Probe (Chrono Boost)  
  18  1:03  Probe  
  19  1:15  Probe  
  20  1:22  Cybernetics Core  
  20  1:33  Nexus  
  20  1:39  Pylon  
  20  1:42  Probe  
  21  1:48  Assimilator  
  21  1:54  Probe  
  21  1:56  Adept (Chrono Boost)  
  24  2:03  Warp Gate  
  24  2:07  Probe  
  25  2:16  Adept (Chrono Boost)  
  25  2:19  Probe  
  28  2:31  Probe  
  28  2:39  Stalker  
  28  2:43  Probe (Chrono Boost)  
  31  2:47  Probe (Chrono Boost)  
  33  2:59  Probe (Chrono Boost)  
  33  3:01  Probe (Chrono Boost)  
  33  3:04  Twilight Council  
  33  3:05  Probe (Chrono Boost)  
  33  3:08  Probe (Chrono Boost)  
  35  3:14  Probe (Chrono Boost)  
  37  3:20  Robotics Facility  
  37  3:22  Probe (Chrono Boost)  
  37  3:26  Probe (Chrono Boost)  
  40  3:34  Probe (Chrono Boost)  
  40  3:35  Probe (Chrono Boost)  
  40  3:40  Probe  
  40  3:43  Probe  
  42  3:52  Probe  
  41  3:55  Probe  
  41  3:57  Dark Shrine  
  41  3:58  Gateway  
  41  3:59  Assimilator  
  41  4:00  Pylon  
  41  4:02  Assimilator  
  42  4:04  Probe  
  42  4:08  Probe  
  44  4:16  Probe  
  45  4:19  Warp Prism (Chrono Boost), Pylon  
  45  4:22  Stalker  
  49  4:27  Probe  
  49  4:28  Blink (Chrono Boost), Probe  
  49  4:29  Pylon  
  51  4:39  Probe  
  51  4:40  Probe  
  51  4:43  Robotics Bay  
  53  4:49  Observer  
  54  4:57  Nexus  
  55  5:00  Probe  
  55  5:01  Probe  
  56  5:09  Dark Templar x2  
  56  5:13  Probe  
  61  5:17  Pylon  
  64  5:32  Pylon  
  58  5:41  Dark Templar  
  58  5:42  Dark Templar  
  53  5:49  Probe x2  
  29  6:01  Probe x2  
  28  6:09  Dark Templar x2  
  24  6:13  Probe (Chrono Boost)  
  24  6:15  Probe (Chrono Boost)  
  21  6:20  Probe (Chrono Boost)  
  18  6:25  Probe (Chrono Boost)  
  18  6:31  Probe x2 (Chrono Boost)  
  21  6:34  Probe (Chrono Boost)  
  21  6:36  Probe (Chrono Boost)  
  21  6:39  Probe (Chrono Boost)  
  23  6:40  Probe (Chrono Boost)  
  23  6:44  Probe  
  25  6:48  Archon  
  25  6:50  Probe (Chrono Boost)  
  27  6:54  Probe (Chrono Boost)  
  27  7:01  Probe (Chrono Boost)  
  28  7:02  Probe (Chrono Boost)  
  30  7:09  Probe x2 (Chrono Boost)  
  30  7:11  Probe (Chrono Boost)  
  32  7:16  Probe (Chrono Boost)  
  32  7:17  Probe (Chrono Boost)  
  35  7:24  Probe (Chrono Boost)  
  35  7:28  Probe (Chrono Boost)  
  37  7:32  Probe (Chrono Boost)  
  39  7:37  Probe (Chrono Boost)  
  39  7:39  Probe (Chrono Boost)  
  39  7:40  Probe (Chrono Boost)  
  41  7:45  Probe x2 (Chrono Boost)  
  41  7:46  Probe (Chrono Boost)  
  41  7:53  Zealot x2  
  41  7:54  Probe x2  
  41  7:57  Probe  
  43  7:59  Shield Battery  
Tags
 
Add a new tag
Caveats
  • Supply blocks, unpowered buildings, or Contaminate may cause inaccurate times.
  • Supply counts are checked every 10 seconds.